Map: Simulacrum LE

Players

ZergisOP - Winner!

  • Race: Zerg Zerg
  • League: Diamond
  • Spawn Location: 5:00

ЛомаюЛица

  • Race: Terran Terran
  • League: Diamond
  • Spawn Location: 11:00

VOD

Have the link to the VOD?

Description

Time

  • Played on: Jan. 27, 2020, 7:40 a.m.
  • Length: 6:48
Show
View Real Time Build Order
Export as new Build Order

ZergisOP Zerg - Winner!

Build Orders: Pool First, Roach Nydus 

Get SALT Encoding   

  12  0:01  Drone  
  13  0:14  Overlord  
  13  0:25  Drone  
  14  0:33  Extractor  
  13  0:36  Drone  
  13  0:37  Drone x2  
  16  0:48  Drone  
  17  0:55  Spawning Pool  
  16  1:03  Drone  
  17  1:12  Drone  
  18  1:20  Drone  
  19  1:32  Hatchery  
  18  1:38  Drone  
  19  1:45  Drone  
  20  1:49  Lair  
  20  1:53  Drone  
  21  2:03  Zergling x2  
  21  2:07  Roach Warren  
  21  2:14  Zergling x2  
  22  2:17  Extractor  
  21  2:28  Overlord  
  21  2:49  Glial Reconstitution  
  21  2:52  Queen  
  21  2:53  Zergling x2  
  24  3:02  Drone x2  
  26  3:10  Roach x3  
  32  3:21  Nydus Network  
  31  3:28  Roach  
  31  3:31  Overlord  
  33  3:40  Roach  
  35  3:45  Overlord  
  35  3:51  Roach  
  37  4:00  Roach  
  37  4:02  Roach  
  41  4:08  Nydus Canal  
  41  4:09  Overseer  
  39  4:50  Zergling x2  
  39  4:51  Roach x2  
  39  4:52  Overlord x2  
  34  5:13  Roach  
  34  5:14  Roach x4  
  44  5:30  Roach  
  44  5:31  Roach  
  42  6:09  Roach  
  42  6:10  Roach x5  
  54  6:34  Nydus Canal  
Show
View Real Time Build Order
Export as new Build Order

ЛомаюЛица Terran 

Build Orders:  

Get SALT Encoding   

  12  0:00  SCV  
  13  0:13  SCV  
  14  0:19  Refinery  
  14  0:25  SCV  
  15  0:29  Supply Depot  
  15  0:52  Barracks  
  15  0:58  SCV  
  16  1:05  Refinery  
  16  1:10  SCV  
  17  1:22  SCV  
  18  1:40  Ghost Academy  
  18  1:52  Supply Depot  
  18  1:54  Orbital Command  
  18  2:06  Barracks Tech Lab  
  18  2:17  Factory  
  18  2:19  Supply Depot  
  19  2:22  SCV  
  19  2:33  Ghost  
  21  2:37  SCV  
  22  2:50  SCV  
  23  3:02  SCV  
  23  3:05  Command Center  
  24  3:13  Factory Reactor  
  24  3:16  Ghost  
  26  3:20  SCV  
  27  3:32  SCV  
  28  3:40  Personal Cloaking  
  28  3:44  SCV  
  29  3:52  Hellion x2  
  33  4:02  Factory  
  33  4:04  SCV, Refinery  
  33  4:06  Refinery  
  34  4:29  Ghost  
  38  4:31  Hellion x2  
  38  4:44  Orbital Command  
  35  4:47  Factory Tech Lab  
  35  4:50  SCV  
  30  5:10  SCV x2  
  30  5:12  Ghost  
  28  5:24  Hellion x2  
  32  5:41  Siege Tank  
  32  6:06  Ghost  
  32  6:09  Hellion x2  
  36  6:18  Hellion  
Tags
 
Add a new tag
Caveats
  • Supply blocks, unpowered buildings, or Contaminate may cause inaccurate times.
  • Supply counts are checked every 10 seconds.